 Dungeon Crawl Stone Soup version 0.26-a0-1132-ge9770dfcb6 (webtiles) character file.

Game seed: 17371148069957075332

24 sahdkjhfkaj the Sneak (level 2, 0/17 HPs)
             Began as a Vampire Brigand on Dec 19, 2020.
             Slain by a hobgoblin
             ... wielding a +0 club
              (2 damage)
             ... on level 2 of the Dungeon.
             The game lasted 00:00:51 (709 turns).

sahdkjhfkaj the Sneak (Vampire Brigand)              Turns: 709, Time: 00:00:52

Health: 0/17       AC:  3    Str: 10    XL:     2   Next: 79%
Magic:  2/2        EV: 12    Int: 13    God:
Gold:   61         SH:  0    Dex: 21    Spells: 1/1 levels left

rFire    . . .     SeeInvis +   a - +2 dagger
rCold    + + .     Faith    .   (no shield)
rNeg     + + +     Spirit   .   b - +0 robe
rPois    ∞         Reflect  .   (no helmet)
rElec    .         Harm     .   c - +0 cloak
rCorr    .         Rampage  .   (no gloves)
Will     .....                  (no boots)
Stlth    ++++++....             (no amulet)
HPRegen  0.00/turn              f - +6 ring of dexterity
MPRegen  0.08/turn              (no ring)

@: bloodless
A: fangs 3, see invisible, unbreathing
a: Revivify


You were on level 2 of the Dungeon.
You visited 1 branch of the dungeon, and saw 2 of its levels.

You collected 61 gold pieces.

Inventory:

Hand Weapons
 a - a +2 dagger (weapon)
Missiles
 d - 8 poisoned darts (quivered)
 e - 2 curare-tipped darts
Armour
 b - a +0 robe (worn)
 c - a +0 cloak (worn)
Jewellery
 f - a +6 ring of dexterity (left hand)
Scrolls
 g - a scroll of identify {unknown}
Potions
 h - a potion of flight {unknown}


   Skills:
 - Level 1.7 Fighting
 - Level 2.1 Short Blades
 - Level 1.5 Throwing
 - Level 1.1 Dodging
 + Level 7.3 Stealth


You had one spell level left.
You didn't know any spells.
Your spell library was empty.

Dungeon Overview and Level Annotations

Branches:
Dungeon (2/15)

Altars:


Innate Abilities, Weirdness & Mutations

You do not regenerate when monsters are visible.
You are frail without blood (-20% HP).
You can heal yourself when you bite living creatures.
You are immune to poison.
You have razor-sharp teeth.
You have supernaturally acute eyesight. (SInv)
You can survive without breathing.


Message History

You are too injured to fight recklessly!
You are too injured to fight recklessly!
You are too injured to fight recklessly!
You are too injured to fight recklessly!
You are too injured to fight recklessly!
You are too injured to fight recklessly!
You closely miss the jackal. You bite the jackal, but do no damage.
The jackal is heavily wounded.
The hobgoblin closely misses you. The jackal bites you.
You hit the jackal.
You kill the jackal!
The hobgoblin hits you with a +0 club.
* * * LOW HITPOINT WARNING * * *
The hobgoblin misses you.
You see here a jackal corpse.
You see here a jackal corpse.
The hobgoblin closely misses you.
There is a stone staircase leading up here.
The hobgoblin hits you with a +0 club.
You die...

....# ....####
########.##....
##...........######
#.................
#########...#...## .
##.........## ...
#...r..>....####..[.
#..@g.......?.......
# #>.........††....#
..##.........####..#
#...........## #
.............####.
#..###.............
.............####..
..#####..........
.#.####...†.[.##...


You could see a hobgoblin and a rat.

Vanquished Creatures
  2 giant cockroaches (D:1)
  A goblin (D:1)
  5 hobgoblins
  3 jackals (D:2)
  3 kobolds (D:1)
  A ball python (D:1)
  3 frilled lizards (D:1)
  5 rats
23 creatures vanquished.

Notes
Turn   | Place    | Note
-------+----------+-------------------------------------------
     0 | D:1      | sahdkjhfkaj the Vampire Brigand began the quest for the
                  | Orb.
     0 | D:1      | Reached XP level 1. HP: 16/16 MP: 1/1
    11 | D:1      | Reached skill level 6 in Stealth
    63 | D:1      | You fall into a shaft and drop 1 floor!
   177 | D:1      | Reached XP level 2. HP: 17/17 MP: 2/2
   275 | D:1      | Reached skill level 7 in Stealth
   709 | D:2      | Slain by a hobgoblin

Illustrated notes

Levels and vault maps discovered:
D:1:      dpeg_arrival_ternary, layout_basic, chequers_serial_rivers_micro_b
D:2:      layout_rooms, minmay_3d_cube

Skill      XL: |  1  2 |
---------------+-------+-----
Stealth        | 6 7 |  7.3
Fighting       | |  1.7
Short Blades   | |  2.1
Throwing       | |  1.5
Dodging        | |  1.1

Action                   || total
-------------------------++-------
Melee: Dagger            ||    38
       Bite              ||     4
 Abil: Exsanguinate      ||     1
 Stab: Sleeping          ||    13
Armor: Robe              ||     4
Dodge: Dodged            ||    16

Table legend: (Time is in decaauts)
 A = Elapsed time spent in this place.
 B = Non-inter-level travel time spent in this place.
 C = Inter-level travel time spent in this place.
 D = Time resting spent in this place.
 E = Time spent auto-exploring this place.
 F = Levels seen in this place.
 G = Mean time per level.
                   A        B        C        D        E       F      G
               +--------+--------+--------+--------+--------+-----+--------+
         Total |    705 |    699 |      6 |      5 |    523 |   2 |  352.5 |
       Dungeon |    705 |    699 |      6 |      5 |    523 |   2 |  352.5 |
               +--------+--------+--------+--------+--------+-----+--------+

Top non-repeatable levels by time:
     D:1: 639 daAuts
     D:2: 66 daAuts
